 Dungeon Crawl Stone Soup version 0.23.2-30-g0e89c35649 (webtiles) character file.

Game seed: 11997290776496692740

130 diana the Slasher (level 4, -12/57 HPs)
             Began as a Minotaur Gladiator on June 13, 2019.
             Killed by divine providence
             ... invoked by an orc priest
              (14 damage)
             ... on level 3 of the Dungeon.
             The game lasted 00:02:44 (1393 turns).

diana the Slasher (Minotaur Gladiator)              Turns: 1393, Time: 00:02:45

Health: -12/57     AC:  6    Str: 24    XL:     4   Next: 90%
Magic:  3/3        EV: 13    Int:  5    God:
Gold:   101        SH:  4    Dex: 12    Spells: 3/3 levels left

rFire    . . .     SeeInvis .   a - +0 long sword
rCold    . . .     Gourm    .   l - +0 buckler
rNeg     . . .     Faith    .   b - +0 leather armour
rPois    .         Spirit   .   (helmet restricted)
rElec    .         Reflect  .   q - +2 cloak {+Inv}
rCorr    .         Harm     .   (no gloves)
MR       .....                  (no boots)
Stlth    ..........             (no amulet)
HPRegen  0.19/turn              (no ring)
MPRegen  0.08/turn              (no ring)

@: berserking, lethally poisoned (-12 -> -22), very quick
A: retaliatory headbutt, horns 2
a: Evoke Invisibility


You were on level 3 of the Dungeon.
You were hungry.

You visited 1 branch of the dungeon, and saw 3 of its levels.

You collected 101 gold pieces.

Inventory:

Hand Weapons
 a - a +0 long sword (weapon)
Missiles
 d - 3 throwing nets (quivered)
Armour
 b - a +0 leather armour (worn)
 c - a +0 hat
 g - a scarf of repulsion
 l - a +0 buckler (worn)
 q - a +2 cloak of invisibility (worn)
Jewellery
 m - an uncursed amulet of the gourmand {unknown}
Scrolls
 i - 2 scrolls of identify {unknown}
 j - a scroll of magic mapping {unknown}
 n - a scroll of fog {unknown}
 o - a scroll of teleportation {unknown}
 r - a scroll of noise {unknown}
Potions
 h - a potion of curing {unknown}
 k - 2 potions of haste {unknown}
 p - a potion of might {unknown}
Comestibles
 f - 6 rations


   Skills:
 + Level 3.1 Fighting
 + Level 4.8 Long Blades
 - Level 2.3 Throwing
 + Level 1.6 Armour
 - Level 4.0 Dodging
 - Level 0.2 Stealth
 * Level 1.8 Shields


You had 3 spell levels left.
You didn't know any spells.
Your spell library was empty.

Dungeon Overview and Level Annotations

Branches:
Dungeon (3/15)

Altars:


Innate Abilities, Weirdness & Mutations

You reflexively headbutt those who attack you in melee.
You have a pair of horns on your head.


Message History

* * * LOW HITPOINT WARNING * * *
You feel sick. The orc completely misses you.
You slash the orc!
You kill the orc!
* * * LOW HITPOINT WARNING * * *
You feel sick.
You hit the orc priest but do no damage.
Your headbutt misses the orc priest.
* * * LOW HITPOINT WARNING * * *
You feel sick.
The orc priest hits you with a +3 war axe.
* * * LOW HITPOINT WARNING * * *
You slash the orc priest!
The orc priest is heavily wounded.
The orc hits you from afar with a cursed -1 trident.
* * * LOW HITPOINT WARNING * * *
An orc comes into view.
The orc priest calls down the wrath of Beogh upon you.
Beogh smites you!
You die...

..# ..#
############ ..#
##..........# ..#
#...........#
..####
#...........#
.....#
#........(..#
+###.#
#####.###'#######
#.# #.....# #.#
#.###.##### #@#
#.<...# #o#
####### #o# #..
..o ###. . ##


You could see an orc priest and 2 orcs.

Vanquished Creatures
  Crazy Yiuf (D:2)
  An orc priest (D:3)
  Jessica (D:2)
  3 oozes
  A worm (D:3)
  A leopard gecko (D:1)
  An orc (D:3)
  3 giant cockroaches
  4 hobgoblins
  A quokka (D:2)
  7 bats
  5 frilled lizards
  3 kobolds
32 creatures vanquished.

Notes
Turn   | Place    | Note
-------+----------+-------------------------------------------
     0 | D:1      | diana the Minotaur Gladiator began the quest for the Orb.
     0 | D:1      | Reached XP level 1. HP: 18/18 MP: 0/0
   225 | D:1      | Reached XP level 2. HP: 25/25 MP: 1/1
   654 | D:2      | Reached XP level 3. HP: 29/30 MP: 2/2
   824 | D:2      | Noticed Jessica
   878 | D:2      | Killed Jessica
   901 | D:2      | Reached skill level 1 in Armour
   962 | D:2      | Found a runed translucent door.
   963 | D:2      | Noticed Crazy Yiuf
  1166 | D:2      | Reached XP level 4. HP: 23/37 MP: 3/3
  1231 | D:2      | Killed Crazy Yiuf
  1231 | D:2      | Reached skill level 1 in Shields
  1393 | D:3      | HP: 2/57 [orc/cursed -1 trident (2)]
  1393 | D:3      | Killed from afar by an orc priest

Skill      XL: |  1  2  3  4 |
---------------+-------------+-----
Long Blades    | 4 |  4.8
Dodging        | 4 |  4.0
Armour         | 1 |  1.6
Shields        | 1 |  1.8
Fighting       | 3 |  3.1
Throwing       | |  2.3
Stealth        | |  0.2

Action                   |  1- 3 |  4- 6 || total
-------------------------+-------+-------++-------
Melee: Long sword        |    59 |    13 ||    72
       Headbutt          |    15 |     2 ||    17
  Use: Potion            |       |     2 ||     2
  Eat: Chunk             |       |     1 ||     1
Armor: Leather armour    |    24 |     3 ||    27
Dodge: Dodged            |    52 |     5 ||    57
Block: Buckler           |     2 |     2 ||     4
       Rpst.: Long sword |     5 |     3 ||     8
